 Dungeon Crawl Stone Soup version 0.31-a0-202-g547052bce9 (webtiles) character file.

Game seed: 5207098156308431221

167 porpoise the Shooter (level 5, -1/36 HPs)
             Began as a Barachi Hexslinger on June 27, 2023.
             Was a Follower of Hepliaklqana.
             Slain by Robin
             ... wielding a +2 dagger of draining
              (4 damage)
             ... on level 3 of the Dungeon.
             The game lasted 00:07:20 (2247 turns).

porpoise the Shooter (Barachi Hexslinger)           Turns: 2247, Time: 00:07:21

Health: -1/36      AC:  4    Str: 10    XL:     5   Next: 48%
Magic:  6/6        EV: 12    Int: 13    God:    Hepliaklqana [*.....]
Gold:   122        SH:  0    Dex: 16    Spells: 2/6 levels left

rFire   . . .        a - +1 sling
rCold   . . .        (no shield)
rNeg    . . .        l - +0 leather armour
rPois   .            v - +0 helmet
rElec   .            (no cloak)
rCorr   .            (no gloves)
SInv    .            (no boots)
Will    .....        (no amulet)
Stlth   ++           (no ring)
HPRegen 0.26/turn    (no ring)
MPRegen 0.10/turn

%: no passive effects
@: slow
A: reduced essence, amphibious, slowness 1, strong legs 1, +LOS
a: Hop, Renounce Religion, Recall Ancestor, Ancestor Identity


You were on level 3 of the Dungeon.
You worshipped Hepliaklqana.
Hepliaklqana was aware of your devotion.
You visited 1 branch of the dungeon, and saw 3 of its levels.

You collected 122 gold pieces.

Inventory:

Hand Weapons
 a - a +1 sling (weapon)
 b - a +2 dagger of protection
Missiles
 j - 3 poisoned darts
 u - a boomerang
 x - 2 silver boomerangs
Armour
 l - a +0 leather armour (worn)
 v - a +0 helmet (worn)
Magical Staves
 p - a staff of conjuration
Jewellery
 e - an amulet of faith
Wands
 s - a wand of flame (12)
Scrolls
 c - a scroll of amnesia {unknown}
 d - a scroll of torment {unknown}
 g - 2 scrolls of poison
 i - a scroll of fear
 k - a scroll of noise {unknown}
 m - a scroll of teleportation {unknown}
 o - a scroll of vulnerability {unknown}
 t - 2 scrolls of identify {unknown}
 y - a scroll of enchant armour {unknown}
Potions
 f - a potion of degeneration {unknown}
 h - a potion of enlightenment {unknown}
 n - a potion of curing {unknown}
 q - a potion of haste {unknown}
 r - a potion of berserk rage {unknown}
 w - a potion of heal wounds {unknown}


   Skills:
 + Level 3.2 Fighting
 * Level 4.1 Ranged Weapons
 - Level 2.1 Dodging
 + Level 2.2 Stealth
 - Level 1.1 Spellcasting
 - Level 3.2 Hexes


You had 2 spell levels left.
You knew the following spells:

 Your Spells              Type           Power      Damage    Failure   Level
a - Confusing Touch       Hex            9%         N/A       30%         3
b - Slow                  Hex            36%        N/A       10%         1

Your spell library contained the following spells:

 Spells                   Type           Power      Damage    Failure   Level
 Poisonous Vapours        Pois/Air       0%         N/A       50%         2
 Inner Flame              Hex/Fire       4%         N/A       50%         3
 Portal Projectile        Hex/Tloc       8%         N/A       50%         3
 Cause Fear               Hex            4%         N/A       69%         4
 Mephitic Cloud           Conj/Pois/Air  0%         N/A       75%         3
 Vampiric Draining        Necr           0%         2d6       75%         3
 Freezing Cloud           Conj/Ice/Air   0%         6-21      100%        5
 Storm Form               Tmut/Air       0%         N/A       100%        7
 Maxwell's Capacitive Co  Air            0%         ∞         100%        8


Dungeon Overview and Level Annotations

Branches:
Dungeon (3/15)

Altars:
Hepliaklqana
Kikubaaqudgha

Annotations:
D:3 Robin


Innate Abilities, Weirdness & Mutations

Your life essence is reduced to manifest your ancestor. (-10% HP)
You are amphibious.
You cover ground slowly.
You can hop short distances.
You have an extended range of vision and can be seen from far away.


Message History

The hobgoblin is lightly wounded.
The hobgoblin closely misses you. The goblin barely misses you.
You shoot a sling bullet.
The sling bullet barely misses the hobgoblin.
The hobgoblin hits you. The goblin hits you but does no damage.
You shoot a sling bullet. The sling bullet hits the hobgoblin.
The hobgoblin is severely wounded.
The hobgoblin barely misses you. The goblin misses you.
The goblin closely misses you.
You shoot a sling bullet.
The sling bullet barely misses the hobgoblin.
The hobgoblin closely misses you. The hobgoblin barely misses you.
The goblin misses you. The goblin hits you with a +0 club.
The hobgoblin closely misses you. The goblin hits you with a +0 club.
The hobgoblin hits you but does no damage.
The goblin hits you but does no damage.
You shoot a sling bullet. The sling bullet hits the hobgoblin.
You kill the hobgoblin!
The goblin hits you with a +0 club. The hobgoblin closely misses you.
The goblin hits you with a +0 dagger.
You are too injured to fight recklessly!
You are too injured to fight recklessly!
Unknown command.
You shoot a sling bullet. The sling bullet barely misses Robin.
Robin throws the goblin at you! The goblin barely misses you.
The hobgoblin hits you but does no damage.
The goblin barely misses you. The goblin hits you with a +0 dagger.
* * * LOW HITPOINT WARNING * * *
You shoot a sling bullet. The sling bullet hits Robin.
Robin is lightly wounded.
Robin throws the goblin at you! The goblin hits you with a +0 club.
* * * LOW HITPOINT WARNING * * *
The hobgoblin hits you.
* * * LOW HITPOINT WARNING * * *
The goblin hits you but does no damage. The goblin hits you with a +0 dagger.
* * * LOW HITPOINT WARNING * * *
You shoot a sling bullet. The sling bullet hits Robin!
Robin is heavily wounded.
Robin hits you with a +2 dagger of draining.
You die...

#### #############
#≈≈# #.......'...#
#≈≈# +....).gg)g.#
#≈≈#####g......#@g.#
#≈≈...##########gg.#
#≈≈...#............#
#≈≈.).#............#
#≈≈..##)##.....##'##
#≈≈..#...#.....#...#
#≈≈..#...#.....#...#
#≈≈..#...#.....#...#
#≈≈..##'##.....##'##


You could see Robin, 2 hobgoblins and 3 goblins.

Vanquished Creatures
  5 adders
  A worm (D:2)
  2 orcs (D:3)
  5 bats
  6 endoplasms
  2 giant cockroaches
  16 goblins
  6 hobgoblins
  7 jackals
  A quokka (D:3)
  5 ball pythons
  5 frilled lizards
  3 kobolds
  7 rats
71 creatures vanquished.

Vanquished Creatures (collateral kills)
  An orc wizard (D:3)
  An adder (D:3)
  An orc (D:3)
  2 goblins (D:3)
  A jackal (D:3)
  A bat (D:3)
7 creatures vanquished.

Vanquished Creatures (others)
  An ancestor (D:3)
1 creature vanquished.

Grand Total: 79 creatures vanquished

Notes
Turn   | Place    | Note
-------+----------+-------------------------------------------
     0 | D:1      | porpoise the Barachi Hexslinger began the quest for the
                  | Orb.
     0 | D:1      | Reached XP level 1. HP: 15/15 MP: 2/2
   131 | D:1      | Reached XP level 2. HP: 13/21 MP: 3/3
   394 | D:1      | Reached skill level 1 in Stealth
   860 | D:2      | Reached XP level 3. HP: 14/27 MP: 4/4
  1023 | D:2      | Reached skill level 3 in Ranged Weapons
  1138 | D:2      | Found a hazy altar of Hepliaklqana.
  1159 | D:2      | Became a worshipper of Hepliaklqana the Forgotten
  1242 | D:2      | Reached XP level 4. HP: 34/34 MP: 5/5
  1842 | D:3      | Found a faded altar of an unknown god.
  1847 | D:3      | Learned a level 3 spell: Confusing Touch
  1856 | D:3      | Reached * piety under Hepliaklqana
  1976 | D:3      | Reached XP level 5. HP: 36/36 MP: 6/6
  2013 | D:3      | Reached skill level 4 in Ranged Weapons
  2065 | D:3      | Found an ancient bone altar of Kikubaaqudgha.
  2218 | D:3      | Noticed Robin
  2247 | D:3      | Slain by Robin

Illustrated notes

Levels and vault maps discovered:
D:1:      amcnicky_arrival_blooded_trapdoor, layout_loops_corners,
          minmay_pentomino_r4
D:2:      layout_loops_cross, basic_altar
D:3:      kennysheep_goblin_castle, layout_basic, mainiacjoe_overflow_24_doors,
          shapermc_ecumenical_altar_mp_urbaneastern, serial_corexii_hall,
          chequers_hall_statues_y, corexii_hall_statues_u

Skill      XL: |  1  2  3  4  5 |
---------------+----------------+-----
Stealth        | 1 2 |  2.2
Fighting       | 2 3 |  3.2
Ranged Weapons | 3 4 |  4.1
Dodging        | |  2.1
Spellcasting   | |  1.1
Hexes          | |  3.2

Action                     |  1- 3 |  4- 6 || total
---------------------------+-------+-------++-------
  Melee: Short sword       |     4 |       ||     4
         Dagger            |       |     7 ||     7
   Fire: Sling             |   108 |    99 ||   207
 Invoke: Ancestor Identity |       |     1 ||     1
    Use: Scroll            |       |     2 ||     2
 Armour: Robe              |     6 |       ||     6
         Leather armour    |     4 |    15 ||    19
  Dodge: Dodged            |    34 |    41 ||    75

Table legend: (Time is in decaauts)
 A = Elapsed time spent in this place.
 B = Non-inter-level travel time spent in this place.
 C = Inter-level travel time spent in this place.
 D = Time resting spent in this place.
 E = Time spent auto-exploring this place.
 F = Levels seen in this place.
 G = Mean time per level.
                   A        B        C        D        E       F      G
               +--------+--------+--------+--------+--------+-----+--------+
         Total |   2624 |   2565 |     59 |    248 |   1767 |   3 |  874.7 |
       Dungeon |   2624 |   2565 |     59 |    248 |   1767 |   3 |  874.7 |
               +--------+--------+--------+--------+--------+-----+--------+

Top non-repeatable levels by time:
     D:1: 1001 daAuts
     D:2: 970 daAuts
     D:3: 653 daAuts
